 Dungeon Crawl Stone Soup version 0.19-a0-1206-g6bcb79c (webtiles) character file.

54 Gimar the Ruffian (level 3, 0/28 HPs)
             Began as a Draconian Transmuter on Aug 22, 2016.
             Slain by an adder (1 damage)
             ... on level 2 of the Dungeon.
             The game lasted 00:01:36 (1132 turns).

Gimar the Ruffian (Draconian Transmuter)            Turns: 1132, Time: 00:01:37

Health: 0/28       AC:  5    Str: 12    XL:     3   Next: 66%
Magic:  5/6        EV: 12    Int: 14    God:
Gold:   60         SH:  0    Dex: 11    Spells: 1 memorised, 5 levels left

rFire  . . .     SeeInvis .       - Unarmed
rCold  . . .     Gourm    .     (armour unavailable)
rNeg   . . .     Faith    .     (no shield)
rPois  .         Spirit   .     (helmet restricted)
rElec  .         Dismiss  .     (no cloak)
rCorr  .         Reflect  .     (no gloves)
MR     .....     Harm     .     (no boots)
Stlth  +.........               (no amulet)
                                (no ring)
                                (no ring)

@: lethally poisoned (0 -> -5), appendage
A: unfitting armour, horns 2, cold-blooded, AC +5
a: End Transformation


You were on level 2 of the Dungeon.
You were not hungry.
You had grown temporary horns.
You visited 1 branch of the dungeon, and saw 2 of its levels.

You collected 60 gold pieces.

Inventory:

Missiles
 a - 12 arrows
Jewellery
 d - an uncursed ring of protection from magic {unknown}
 g - a cursed ring of teleportation {unknown}
Scrolls
 k - 4 scrolls of identify {unknown}
 l - a scroll of teleportation {unknown}
Potions
 e - a potion of cancellation {unknown}
 i - a potion of mutation {unknown}
 j - a potion of ambrosia {unknown}
 m - a potion of flight {unknown}
Books
 b - a book of Changes

   Spells                             Type                      Level
   a - Beastly Appendage              Transmutation                1
   b - Sticks to Snakes               Transmutation                2
   c - Spider Form                    Transmutation/Poison         3
   d - Ice Form                       Ice/Transmutation            4
   e - Blade Hands                    Transmutation                5
Comestibles
 c - a bread ration
 f - a slice of pizza
 h - a meat ration
 n - a chunk of flesh


   Skills:
 - Level 1.1 Fighting
 - Level 1.7 Dodging
 * Level 4.1 Unarmed Combat
 - Level 2.0 Spellcasting
 + Level 2.9 Transmutations


You had 5 spell levels left.
You knew the following spells:

 Your Spells              Type           Power        Failure   Level  Hunger
a - Beastly Appendage     Tmut           #.....       10%         1    ##.....


Dungeon Overview and Level Annotations

Branches:
Dungeon (2/15)

Altars:


Innate Abilities, Weirdness & Mutations

Your plain brown scales are hard. (AC +5)
Your body does not fit into most forms of armour.
You are cold-blooded and may be slowed by cold attacks.
You have a pair of horns on your head.


Message History

You feel sick. The adder bites you but does no damage.
You closely miss the adder. The adder bites you but does no damage.
You miss the adder. Your headbutt misses the adder.
The adder closely misses you.
You closely miss the adder. The adder barely misses you.
You closely miss the adder.
You feel sick. The adder bites you.
* * * LOW HITPOINT WARNING * * *
The adder closely misses you.
You barely miss the adder. Your headbutt misses the adder.
The adder closely misses you.
You barely miss the adder. Your headbutt misses the adder. The adder bites you.
* * * LOW HITPOINT WARNING * * *
You are more poisoned.
The adder poisons you!
You closely miss the adder. Your headbutt misses the adder.
* * * LOW HITPOINT WARNING * * *
You feel sick. The adder barely misses you.
You hit the adder but do no damage. The adder completely misses you.
You barely miss the adder. The adder bites you.
You die...

#......##...
#...........
#...........
#......?....
#.....Sgl...
##.###......
#.###...8..
#......8.8.
#@##..8._.8
#S# ..8.8.
#g# ..8..
#.gK# ..
#.....# .
#....>.
#.....#
#.....#
#.....#


You could see an adder, 2 goblins and a kobold.

Vanquished Creatures
  An adder (D:2)
  A worm (D:1)
  2 dart slugs (D:1)
  2 giant geckos (D:1)
  4 giant cockroaches
  8 goblins
  4 hobgoblins (D:1)
  3 jackals (D:1)
  A quokka (D:2)
  A bat (D:1)
  2 giant newts (D:1)
  3 kobolds (D:1)
  2 rats (D:1)
34 creatures vanquished.

Notes
Turn   | Place    | Note
-------+----------+-------------------------------------------
     0 | D:1      | Gimar the Draconian Transmuter began the quest for the Orb.
     0 | D:1      | Reached XP level 1. HP: 16/16 MP: 3/3
   171 | D:1      | Reached XP level 2. HP: 20/23 MP: 3/5
   687 | D:1      | Reached XP level 3. HP: 28/28 MP: 4/6
  1062 | D:2      | Reached skill level 4 in Unarmed Combat
  1088 | D:2      | Found a faded altar of an unknown god.
  1130 | D:2      | HP: 1/28 [poisoned by an adder]
  1132 | D:2      | Slain by an adder

Vault maps used:
D:1:      minmay_arrival_widening_spiral_wide, minmay_misc_feat_doors
D:2:      ecumenical_altar_2

Skill      XL: |  1  2  3 |
---------------+----------+-----
Unarmed Combat | 4 |  4.1
Fighting       | |  1.1
Dodging        | |  1.7
Spellcasting   | |  2.0
Transmutations | |  2.9

Action                   || total
-------------------------++-------
Melee: Unarmed           ||   124
       Tailslap          ||    10
       Kick              ||     4
       Punch             ||     3
       Headbutt          ||     3
 Cast: Beastly Appendage ||    15
  Eat: Chunk             ||     1
Armor: Skin              ||    33
Dodge: Dodged            ||    91
